 Dungeon Crawl Stone Soup version 0.28-a0-1555-g9ae15a6949 (webtiles) character file.

Game seed: 4387574020326987873

4 willcat the Poker (level 1, -3/22 HPs)
             Began as an Ogre Gladiator on Jan 18, 2022.
             Slain by a hobgoblin (4 damage)
             ... on level 1 of the Dungeon.
             The game lasted 00:00:22 (64 turns).

willcat the Poker (Ogre Gladiator)                    Turns: 64, Time: 00:00:23

Health: -3/22      AC:  3    Str: 17    XL:     1   Next: 60%
Magic:  1/1        EV: 10    Int:  9    God:
Gold:   0          SH:  0    Dex: 10    Spells: 0/0 levels left

rFire   . . .      SeeInvis .   a - +0 trident
rCold   . . .      Faith    .   (no shield)
rNeg    . . .      Spirit   .   b - +0 robe
rPois   .          Reflect  .   c - +0 hat
rElec   .          Harm     .   (no cloak)
rCorr   .          Rampage  .   (gloves unavailable)
Will    .....                   (boots unavailable)
Stlth   +.........              (no amulet)
HPRegen 0.07/turn               (no ring)
MPRegen 0.07/turn               (no ring)

@: no status effects
A: large, unfitting armour, tough skin 1
a: no special abilities


You were on level 1 of the Dungeon.
You visited 1 branch of the dungeon, and saw 1 of its levels.

Inventory:

Hand Weapons
 a - a +0 trident (weapon)
Missiles
 d - 3 throwing nets (quivered)
Armour
 b - a +0 robe (worn)
 c - a +0 hat (worn)
Potions
 e - a potion of curing {unknown}


   Skills:
 + Level 2.8 Fighting
 + Level 3.0 Polearms
 - Level 2.0 Throwing
 + Level 2.7 Dodging
 + Level 0.2 Spellcasting


You couldn't memorise any spells.
You didn't know any spells.
Your spell library was empty.

Dungeon Overview and Level Annotations

Branches:
Dungeon (1/15)

Altars:


Innate Abilities, Weirdness & Mutations

You are too large for most types of armour.
You have tough skin. (AC +1)


Message History

You barely miss the jackal.
The jackal is severely wounded.
The jackal bites you. The jackal closely misses you.
The jackal completely misses you.
You hit the jackal.
You kill the jackal!
The jackal barely misses you.
Unknown command.
You closely miss the jackal. The jackal closely misses you. x2
You hit the jackal.
The jackal is almost dead.
The jackal completely misses you.
You closely miss the jackal.
The jackal is severely wounded.
The jackal barely misses you.
The hobgoblin hits you but does no damage.
The jackal barely misses you.
You barely miss the jackal.
The jackal is severely wounded.
The jackal closely misses you. The hobgoblin hits you.
* * * LOW HITPOINT WARNING * * *
The jackal barely misses you. The jackal bites you.
* * * LOW HITPOINT WARNING * * *
The jackal barely misses you. The jackal bites you.
* * * LOW HITPOINT WARNING * * *
You closely miss the jackal.
The jackal is heavily wounded.
The jackal bites you but does no damage. x2
You hit the jackal.
You kill the jackal!
Unknown command.
You closely miss the hobgoblin. The hobgoblin misses you.
Unknown command.
You closely miss the hobgoblin. The hobgoblin misses you.
The hobgoblin closely misses you.
Unknown command.
You closely miss the hobgoblin. The hobgoblin hits you.
You die...

.....#.#.#..##........
........#..##.....#.#
.###...................#
......##.#.#...#........
......##.#..............
.......................
###....g..............
.#.....######..######..
........g@......# ..
......####''#####
....#.#8...(..8# ... #
#≈......≈# .. #≈......≈#
. #≈......≈# #≈..88..§#
#≈......≈# #≈......≈#


You could see a hobgoblin.

Vanquished Creatures
  An endoplasm (D:1)
  2 jackals (D:1)
3 creatures vanquished.

Notes
Turn   | Place    | Note
-------+----------+-------------------------------------------
     0 | D:1      | willcat the Ogre Gladiator began the quest for the Orb.
     0 | D:1      | Reached XP level 1. HP: 22/22 MP: 1/1
    53 | D:1      | HP: 1/22 [jackal (3)]
    58 | D:1      | HP: 1/22 [jackal (1)]
    64 | D:1      | Slain by a hobgoblin

Illustrated notes

Levels and vault maps discovered:
D:1:      lightli_arrival_noodles, layout_basic,
          shapermc_ecumenical_altar_mp_ritualfount, feat_on_display

Action                   || total
-------------------------++-------
Melee: Trident           ||    21
Armor: Robe              ||     9
Dodge: Dodged            ||    22

Table legend: (Time is in decaauts)
 A = Elapsed time spent in this place.
 B = Non-inter-level travel time spent in this place.
 C = Inter-level travel time spent in this place.
 D = Time resting spent in this place.
 E = Time spent auto-exploring this place.
 F = Levels seen in this place.
 G = Mean time per level.
                   A        B        C        D        E       F      G
               +--------+--------+--------+--------+--------+-----+--------+
         Total |     66 |     66 |      0 |      0 |     18 |   1 |   66.0 |
       Dungeon |     66 |     66 |      0 |      0 |     18 |   1 |   66.0 |
               +--------+--------+--------+--------+--------+-----+--------+

Top non-repeatable levels by time:
     D:1: 66 daAuts
